AoeStats
← Mira como te meneo

Arabian Desert

509374694Analyzed
1v1 RM · 7d ago on Sep 26, 2026· 59m 9s· 2 players
Game mode
Random Map
Map size
Tiny (2 player)
Population
200
Speed
Normal
Resources
Standard
Victory
Conquest
Starting age
Dark Age
Ending age
Imperial Age
RankedLock teamsTeams togetherTeam positionsShared explorationLock speedFull tech treeHidden civsTurbo modeCheats
Victory
Defeat
🇦🇷 Franks · Argentina
1023
+15
🇹🇷 Danes · Türkiye
1000
-15
intik
5:57 Loom
11:09 Feudal Age
12:08 Double-Bit Axe
16:42 Castle Age
15:52 Horse Collar
22:48 Heavy Plow
23:05 Gold Mining
23:27 Bow Saw
24:35 Pikeman
25:16 Squires
27:49 Wheelbarrow
27:35 Arson
27:36 Gambesons
30:50 Fletching
31:00 Padded Archer Armor
31:22 Ballistics
31:16 Murder Holes
33:44 Bodkin Arrow
41:47 Gold Shaft Mining
47:46 Imperial Age
53:48 Conscription
53:00 Heavy Mounted Crossbowman
53:54 Bloodlines
53:45 Cranequins
57:11 Chemistry
Mira como te meneo
7:25 Loom
10:26 Feudal Age
14:01 Wheelbarrow
14:08 Double-Bit Axe
21:10 Castle Age
21:49 Forging
21:44 Scale Barding Armor
23:50 Chain Barding Armor
26:59 Iron Casting
32:17 Gold Mining
43:06 Fletching
47:18 Imperial Age
45:24 Bodkin Arrow
48:10 Cavalier
57:48 Plate Barding Armor
Connection lost

Rejoining the realm…

Still unreachable

The connection could not be restored.

Session expired

The server has moved on; the page needs a fresh start.